 Dungeon Crawl Stone Soup version 0.27.1-34-g3ba077fa99 (webtiles) character file.

Game seed: 6819875950240879121

98 alasdair19 the Shield-Bearer (level 4, -5/41 HPs)
             Began as a Minotaur Fighter on Jan 22, 2022.
             Slain by a gnoll (10 damage)
             ... on level 2 of the Dungeon.
             The game lasted 00:03:33 (1225 turns).

alasdair19 the Shield-Bearer (Minotaur Fighter)     Turns: 1225, Time: 00:03:34

Health: -5/41      AC: 10    Str: 21    XL:     4   Next: 43%
Magic:  3/3        EV:  5    Int:  6    God:
Gold:   48         SH:  9    Dex:  9    Spells: 3/3 levels left

rFire    . . .     SeeInvis .   a - +0 long sword
rCold    . . .     Faith    .   c - +0 kite shield
rNeg     . . .     Spirit   .   k - +0 chain mail
rPois    .         Reflect  .   (helmet restricted)
rElec    .         Harm     .   (no cloak)
rCorr    .         Rampage  .   (no gloves)
Will     .....                  j - +0 pair of boots
Stlth    ..........             (no amulet)
HPRegen  0.13/turn              (no ring)
MPRegen  0.08/turn              (no ring)

@: mighty
A: horns 2, retaliatory headbutt
a: no special abilities


You were on level 2 of the Dungeon.
You visited 1 branch of the dungeon, and saw 2 of its levels.

You collected 48 gold pieces.

Inventory:

Hand Weapons
 a - a +0 long sword (weapon)
Armour
 b - a +0 scale mail
 c - a +0 kite shield (worn)
 j - a +0 pair of boots (worn)
 k - a +0 chain mail (worn)
Jewellery
 i - a ring of ice
Scrolls
 e - 2 scrolls of teleportation
Potions
 f - a potion of haste {unknown}
 g - a potion of ambrosia {unknown}


   Skills:
 + Level 4.3 Fighting
 + Level 3.5 Long Blades
 + Level 4.4 Armour
 - Level 0.3 Dodging
 - Level 0.3 Stealth
 + Level 4.4 Shields


You had 3 spell levels left.
You didn't know any spells.
Your spell library contained the following spells:

 Spells                   Type           Power      Damage    Failure   Level
 Magic Dart               Conj           0%         1d3       100%        1
 Pain                     Necr           0%         1d4       100%        1
 Shock                    Conj/Air       0%         1d3       100%        1


Dungeon Overview and Level Annotations

Branches:
Dungeon (2/15)

Altars:

Shops:
D:1 =[


Innate Abilities, Weirdness & Mutations

You have a pair of horns on your head.
You reflexively headbutt those who attack you in melee.


Message History

Found a helmet.
The gnoll barely misses you. 2 gnolls come into view.
The gnoll shouts! x2
You block the gnoll's attack.
You slash the gnoll! You headbutt the gnoll.
The gnoll is almost dead.
The gnoll hits you with a +0 spear.
You barely miss the gnoll.
The gnoll is almost dead.
You block the gnoll's attack. x2; The gnoll hits you but does no damage.
You block the gnoll's attack.
You hit the gnoll.
You kill the gnoll!
The gnoll hits you with a +0 club. You block the gnoll's attack.
You feel very mighty all of a sudden. You block the gnoll's attack.
The gnoll hits you but does no damage.
You slash the gnoll!
You kill the gnoll!
The gnoll hits you from afar with a +0 spear. x2
The gnoll hits you from afar with a +0 halberd.
The gnoll hits you with a +0 spear.
There is an open door, spattered with blood here.
You see here a +0 club.
You hit the gnoll but do no damage. Your headbutt misses the gnoll.
The gnoll hits you but does no damage. You block the gnoll's attack.
You barely miss the gnoll. Your headbutt misses the gnoll.
A bat comes into view.
The gnoll hits you from afar with a +0 halberd.
The gnoll barely misses you. You furiously retaliate!
You headbutt the gnoll!
You kill the gnoll!
The gnoll hits you from afar with a +0 halberd.
* * * LOW HITPOINT WARNING * * *
The gnoll hits you with a +0 halberd.
* * * LOW HITPOINT WARNING * * *
Things that are here:
a +0 spear; a gnoll corpse You slash the gnoll!
The gnoll is almost dead.
The gnoll hits you with a +0 halberd!
You die...

##.#......#.,,,,,,,,***,* *,,,,,,
##.#.#.#.g......,,,,* *,* *,,,,,,
##.#.....#..,...,,,,* *,* *,,,,,,
....†.####,.,...,,,,* *,* *,,,,,,
##.#### **,,,..,,,,* *,* *,,,,,,
#....,*****,**#.###*##*,***,,,,,,
+(.....,,,,,,,,.b.,...,,,,,,,,,,,
#.....##****,**#g#*#.#*,***,,,,,,
#.....# *,* #@# #.#*,,,,,,,,,,
#.....# *,*##)###.####********
#.....# *,,#...).....# *******
*,,,,,******#+#.........# *,,,,,,
*,,,,,,,,,,.............# *,,,***
*,,,,,,,,,..............# *,,,,,,
*,,,,,,,,,.....#.###'######,,***,
******,,,,.......###.##...#,**,**
*,,,,...[...#........#,*,,,*


You could see a gnoll and a bat.

Vanquished Creatures
  3 gnolls (D:2)
  An adder (D:2)
  A worm (D:2)
  2 dart slugs
  6 endoplasms
  2 giant cockroaches (D:1)
  3 goblins
  5 hobgoblins (D:1)
  7 jackals (D:1)
  5 quokkas (D:1)
  6 bats
  2 frilled lizards (D:1)
  A kobold (D:2)
  4 rats
48 creatures vanquished.

Notes
Turn   | Place    | Note
-------+----------+-------------------------------------------
     0 | D:1      | alasdair19 the Minotaur Fighter began the quest for the
                  | Orb.
     0 | D:1      | Reached XP level 1. HP: 19/19 MP: 0/0
    18 | D:1      | Found Ommoscha's Jewellery Shoppe.
    67 | D:1      | Reached XP level 2. HP: 12/27 MP: 1/1
   535 | D:1      | Found Cavua's Antique Armour Emporium.
   593 | D:1      | Reached XP level 3. HP: 26/33 MP: 2/2
   598 | D:1      | Got An Introduction to Thaumaturgy
  1207 | D:2      | Reached XP level 4. HP: 38/40 MP: 3/3
  1225 | D:2      | Slain by a gnoll

Illustrated notes

Levels and vault maps discovered:
D:1:      doesnt_arrival_eight_statues, layout_basic, serial_shops, shop, shop,
          minmay_statues_item
D:2:      layout_basic, serial_glass, glass_columns_a, glass_columns_a,
          minmay_three_crescents

Skill      XL: |  1  2  3 |
---------------+----------+-----
Armour         | 4 |  4.4
Shields        | 4 |  4.4
Fighting       | 4 |  4.3
Long Blades    | 3 |  3.5
Dodging        | |  0.3
Stealth        | |  0.3

Action                   |  1- 3 |  4- 6 || total
-------------------------+-------+-------++-------
Melee: Long sword        |   102 |     7 ||   109
       Headbutt          |    20 |     1 ||    21
  Use: Scroll            |     3 |       ||     3
       Potion            |       |     1 ||     1
Armor: Scale mail        |    40 |       ||    40
       Chain mail        |    24 |     3 ||    27
Dodge: Dodged            |    24 |     2 ||    26
Block: Kite shield       |    68 |     7 ||    75
       Rpst.: Long sword |     5 |       ||     5
